 Dungeon Crawl Stone Soup version 0.30-b1-2-g02819fbbbe (webtiles) character file.

Game seed: 2306047758746629610

14 Alarkh the Shooter (level 2, 23/23 HPs)
             Began as a Demonspawn Hunter on July 11, 2023.
             Got out of the dungeon alive.
             The game lasted 00:00:21 (277 turns).

Alarkh the Shooter (Demonspawn Hunter)               Turns: 277, Time: 00:00:21

Health: 23/23      AC:  4    Str: 11    XL:     2   Next: 31%
Magic:  2/2        EV: 11    Int: 10    God:
Gold:   11         SH:  0    Dex: 16    Spells: 1/1 levels left

rFire   . . .        a - +0 shortbow
rCold   . . .        (shield currently unavailable)
rNeg    . . .        c - +0 leather armour
rPois   .            (no helmet)
rElec   .            (no cloak)
rCorr   .            d - +0 pair of gloves
SInv    .            (no boots)
Will    .....        (no amulet)
Stlth   +            (no ring)
HPRegen 0.23/turn    (no ring)
MPRegen 0.08/turn

%: no passive effects
@: no status effects
A: demonic magic 1
a: no special abilities


You escaped.
You visited 1 branch of the dungeon, and saw 1 of its levels.

You collected 11 gold pieces.

Inventory:

Hand Weapons
 a - a +0 shortbow (weapon)
 e - a +1 mace of venom
Armour
 c - a +0 leather armour (worn)
 d - a +0 pair of gloves (worn)
Scrolls
 b - a scroll of immolation
 f - a scroll of magic mapping {unknown}
 g - 3 scrolls of blinking {unknown}
 h - a scroll of amnesia {unknown}
 i - 2 scrolls of enchant weapon {unknown}


   Skills:
 + Level 2.3 Fighting
 * Level 4.0 Ranged Weapons
 - Level 1.7 Dodging
 - Level 0.8 Stealth


You had one spell level left.
You didn't know any spells.
Your spell library was empty.

Dungeon Overview and Level Annotations

Branches:
Dungeon (1/15)

Altars:


Innate Abilities, Weirdness & Mutations

Spells you cast may paralyse adjacent enemies.


Message History

Found a stone staircase leading down.
There is an open door here.
There is a stone staircase leading down here.
You open the door.
There is an open door here.
You open the large door.
There is a large open door here.
There is a large open door here.
A hobgoblin comes into view.
You see here 3 scrolls labelled WAOTUDDUETS.
A hobgoblin is nearby!
You shoot an arrow. The arrow closely misses the hobgoblin.
You shoot an arrow. The arrow hits the hobgoblin.
You kill the hobgoblin!
No target in view!
No target in view!
g - 3 scrolls labelled WAOTUDDUETS
h - a scroll labelled AVOIQUEX MUJA You now have 11 gold pieces (gained 2).
An endoplasm comes into view.
The endoplasm quivers.
An endoplasm is nearby!
You shoot an arrow. The arrow barely misses the endoplasm.
You shoot an arrow. The arrow hits the endoplasm.
The endoplasm is lightly wounded.
You shoot an arrow.
The arrow hits the endoplasm but does no damage.
The endoplasm is lightly wounded.
The endoplasm barely misses you. The endoplasm freezes you.
You are frozen.
You shoot an arrow. The arrow hits the endoplasm!
You kill the endoplasm!
No target in view!
Unknown command.
i - 2 scrolls labelled DUINAU SU VAAM
There is an open gate here.
There is a staircase leading out of the dungeon here.
Are you sure you want to leave the Dungeon?
This will make you lose the game!
You have escaped!

#..........
##'''#######
##8...8##
##.......##
♣#####.........###
♣.......8...8.....
♣♣................
♣................
♣♣♣♣♣..8.@.8....♣
♣♣♣.......♣♣♣
♣♣♣.♣♣♣♣♣ ♣♣♣


There were no monsters in sight!

Vanquished Creatures
  2 endoplasms (D:1)
  3 goblins (D:1)
  4 hobgoblins (D:1)
  A kobold (D:1)
  A ball python (D:1)
  A rat (D:1)
12 creatures vanquished.

Notes
Turn   | Place    | Note
-------+----------+-------------------------------------------
     0 | D:1      | Alarkh the Demonspawn Hunter began the quest for the Orb.
     0 | D:1      | Reached XP level 1. HP: 16/16 MP: 1/1
   103 | D:1      | Gained mutation: Spells you cast may paralyse adjacent
                  | enemies. [demonic ancestry]
   103 | D:1      | Reached XP level 2. HP: 22/22 MP: 2/2
   134 | D:1      | Reached skill level 4 in Ranged Weapons
   277 | D:$      | Got out of the dungeon alive.

Illustrated notes

Levels and vault maps discovered:
D:1:      kennysheep_arrival_forest, layout_basic

Skill      XL: |  1  2 |
---------------+-------+-----
Ranged Weapons | 4 |  4.0
Fighting       | |  2.3
Dodging        | |  1.7
Stealth        | |  0.8

Action                     || total
---------------------------++-------
   Fire: Shortbow          ||    24
 Armour: Leather armour    ||     1
  Dodge: Dodged            ||     5
